Map: Garden of Shadows

Players

Rugi - Winner!

  • Race: Zerg Zerg
  • League: Diamond
  • Spawn Location: 11:00

Myran - Winner!

  • Race: Protoss Protoss
  • Spawn Location: 11:00

dallaskuken - Winner!

  • Race: Protoss Protoss
  • League: Platinum
  • Spawn Location: 7:00

Loken - Winner!

  • Race: Protoss Protoss
  • Spawn Location: 7:00

toha

  • Race: Protoss Protoss
  • League: Gold
  • Spawn Location: 1:00

Vorobei

  • Race: Protoss Protoss
  • Spawn Location: 1:00

BlackLady

  • Race: Zerg Zerg
  • Spawn Location: 5:00

HuntersPray

  • Race: Zerg Zerg
  • Spawn Location: 5:00

VOD

Have the link to the VOD?

Description

Time

  • Played on: March 11, 2017, 7:01 p.m.
  • Length: 17:01
Show
View Real Time Build Order
Export as new Build Order

Rugi Zerg - Winner!

Build Orders: Pool First, Muta Ling Bane 

Get SALT Encoding   

  12  0:01  Drone  
  13  0:12  Overlord  
  13  0:20  Drone  
  14  0:33  Drone x2  
  16  0:37  Drone  
  17  1:12  Drone x2  
  17  1:13  Overlord  
  17  1:16  Spawning Pool  
  18  1:29  Drone  
  19  1:40  Extractor  
  19  1:46  Drone  
  19  1:47  Overlord  
  19  1:49  Hatchery  
  18  2:07  Queen  
  18  2:08  Zergling x4  
  22  2:26  Drone  
  22  2:27  Drone  
  24  2:36  Hatchery  
  23  2:38  Drone  
  24  2:44  Metabolic Boost  
  24  2:49  Drone  
  25  3:00  Drone  
  25  3:01  Drone  
  27  3:06  Queen  
  27  3:10  Drone  
  27  3:11  Drone  
  31  3:17  Drone x2  
  31  3:18  Drone  
  34  3:31  Drone x2  
  34  3:46  Drone x3  
  34  3:47  Drone x2  
  41  3:50  Spine Crawler  
  41  3:51  Spine Crawler, Zergling x2  
  41  4:02  Zergling x2  
  42  4:04  Spine Crawler  
  42  4:05  Zergling x8  
  45  4:13  Zergling x2  
  43  4:21  Drone  
  43  4:33  Drone  
  43  4:35  Overlord  
  43  4:37  Lair  
  43  4:39  Extractor x2  
  43  4:42  Drone x3  
  43  4:43  Overlord  
  44  4:55  Drone  
  44  4:56  Drone x2  
  47  5:00  Hatchery, Drone  
  47  5:04  Drone  
  48  5:07  Overlord  
  48  5:15  Hatchery, Drone  
  48  5:18  Evolution Chamber  
  48  5:19  Drone x2  
  48  5:20  Overlord  
  49  5:22  Drone, Spore Crawler  
  49  5:24  Drone  
  49  5:26  Drone  
  49  5:28  Extractor  
  50  5:34  Drone x3  
  53  5:37  Drone  
  53  5:38  Spire  
  53  5:42  Zergling x6  
  56  5:44  Zerg Melee Weapons Level 1  
  56  5:48  Drone x2  
  58  5:52  Spore Crawler  
  58  5:56  Overlord  
  57  5:58  Drone  
  59  6:04  Drone x5  
  59  6:05  Drone  
  64  6:12  Queen  
  64  6:13  Overlord  
  64  6:17  Drone x3  
  64  6:18  Drone  
  70  6:22  Drone  
  71  6:38  Drone  
  71  6:39  Drone x3  
  76  6:40  Drone x6  
  76  6:43  Drone  
  76  6:44  Overlord  
  76  6:45  Baneling Nest  
  81  6:55  Zerg Flyer Weapons Level 1  
  81  6:57  Extractor  
  81  6:58  Spore Crawler  
  81  6:59  Drone x2, Extractor  
  80  7:08  Overseer  
  80  7:11  Mutalisk  
  80  7:12  Mutalisk x6  
  80  7:13  Mutalisk  
  96  7:23  Hatchery  
  96  7:28  Centrifical Hooks  
  96  7:29  Overseer  
  95  7:32  Zergling x12  
  95  7:33  Zergling x4  
  103  7:43  Zerg Ground Armor Level 1  
  103  7:45  Evolution Chamber  
  103  7:47  Infestation Pit  
  103  7:48  Drone  
  103  7:49  Drone x6  
  103  7:50  Drone x2  
  110  7:52  Drone  
  110  7:53  Drone  
  112  8:00  Drone, Spore Crawler  
  112  8:01  Drone, Spore Crawler x2  
  111  8:08  Spore Crawler  
  111  8:09  Spore Crawler  
  95  8:37  Drone x5  
  95  8:38  Spore Crawler  
  95  8:40  Drone x4  
  95  8:41  Drone x9  
  94  8:47  Queen  
  98  8:49  Queen x2  
  98  8:50  Overlord x2  
  102  8:55  Zerg Flyer Weapons Level 2  
  102  9:02  Overlord x2  
  102  9:05  Drone, Spore Crawler  
  102  9:08  Queen  
  104  9:16  Spore Crawler  
  89  9:19  Drone x2  
  89  9:20  Drone  
  90  9:42  Queen x3  
  90  9:44  Drone x2  
  98  9:49  Queen  
  98  9:52  Drone x8  
  108  9:53  Drone x2  
  110  10:00  Drone, Spore Crawler  
  110  10:01  Spine Crawler, Drone x4  
  110  10:02  Spine Crawler, Drone x3  
  115  10:14  Drone  
  115  10:15  Drone  
  115  10:17  Extractor  
  115  10:18  Extractor  
  115  10:33  Spine Crawler, Drone, Spore Crawler  
  115  10:34  Spine Crawler  
  113  10:41  Queen  
  115  10:44  Corruptor  
  115  10:45  Corruptor x4  
  115  10:47  Overlord x5  
  125  10:53  Zerg Melee Weapons Level 2, Zerg Ground Armor Level 2  
  125  10:54  Spire  
  125  10:55  Overlord x3  
  125  10:56  Overlord  
  124  11:13  Corruptor  
  124  11:14  Corruptor x3  
  132  11:29  Spore Crawler  
  132  11:30  Spore Crawler  
  132  11:31  Spine Crawler  
  132  11:32  Drone x4  
  133  11:33  Spine Crawler x2, Corruptor x2  
  135  11:41  Hatchery  
  135  11:47  Drone  
  135  11:49  Corruptor x4  
  135  11:51  Corruptor  
  145  12:11  Zerg Flyer Armor Level 1  
  145  12:13  Hive  
  145  12:16  Overlord x3  
  145  12:19  Corruptor x4  
  153  12:23  Overseer  
  153  12:25  Pneumatized Carapace  
  153  12:33  Corruptor x2  
  153  12:34  Corruptor  
  159  12:46  Corruptor x3  
  159  12:47  Corruptor  
  159  12:50  Baneling x6  
  167  12:57  Drone  
  169  12:58  Drone x3  
  169  12:59  Drone  
  172  13:07  Spore Crawler  
  172  13:09  Spine Crawler, Spore Crawler  
  172  13:10  Drone, Spore Crawler  
  172  13:11  Drone x2  
  172  13:12  Spine Crawler  
  170  13:14  Spine Crawler  
  169  13:24  Viper x2  
  169  13:25  Viper x2  
  181  13:28  Overseer  
  179  13:47  Corruptor  
  179  13:48  Corruptor x7  
  193  13:59  Corruptor  
  193  14:00  Corruptor x2  
  199  14:10  Extractor  
  199  14:11  Extractor  
  197  14:21  Corruptor  
  199  14:27  Greater Spire  
  199  14:46  Overlord x2  
  199  14:47  Overlord  
  199  14:55  Ultralisk Cavern  
  190  15:02  Drone x3  
  174  15:38  Brood Lord  
  174  15:39  Brood Lord x5  
  174  15:40  Brood Lord x4  
  192  16:21  Hatchery  
  191  16:30  Corruptor x3  
  191  16:31  Corruptor  
Show
View Real Time Build Order
Export as new Build Order

Myran Protoss - Winner!

Build Orders: Zealot Archon 

Get SALT Encoding   

  12  0:01  Probe (Chrono Boost)  
  13  0:12  Probe (Chrono Boost)  
  14  0:23  Pylon  
  14  0:24  Probe (Chrono Boost)  
  15  0:41  Probe (Chrono Boost)  
  16  0:52  Probe (Chrono Boost)  
  16  0:53  Gateway  
  16  0:55  Pylon  
  17  1:02  Probe (Chrono Boost)  
  18  1:13  Probe (Chrono Boost)  
  18  1:17  Assimilator  
  19  1:23  Probe (Chrono Boost)  
  20  1:34  Probe (Chrono Boost)  
  21  1:42  Zealot  
  23  1:52  Nexus  
  23  1:53  Cybernetics Core  
  23  1:56  Probe (Chrono Boost)  
  24  2:07  Probe (Chrono Boost)  
  25  2:09  Zealot  
  27  2:16  Gateway  
  27  2:20  Pylon  
  27  2:23  Probe (Chrono Boost)  
  28  2:33  Warp Gate  
  28  2:36  Zealot  
  30  2:46  Probe (Chrono Boost)  
  31  2:58  Probe (Chrono Boost)  
  32  3:09  Probe (Chrono Boost)  
  32  3:10  Robotics Facility  
  33  3:14  Pylon  
  33  3:16  Probe (Chrono Boost)  
  33  3:18  Pylon  
  34  3:24  Probe (Chrono Boost)  
  36  3:27  Probe (Chrono Boost)  
  36  3:30  Assimilator  
  36  3:32  Stalker  
  38  3:34  Probe (Chrono Boost)  
  38  3:37  Probe (Chrono Boost)  
  38  3:40  Zealot  
  42  3:48  Probe (Chrono Boost)  
  43  3:58  Probe (Chrono Boost)  
  44  4:05  Probe (Chrono Boost)  
  44  4:09  Probe (Chrono Boost)  
  46  4:11  Assimilator  
  46  4:16  Assimilator  
  46  4:19  Probe (Chrono Boost)  
  46  4:21  Pylon  
  46  4:23  Pylon  
  47  4:25  Observer  
  47  4:30  Probe (Chrono Boost)  
  49  4:36  Gateway  
  49  4:38  Gateway  
  49  4:41  Pylon  
  49  4:45  Stalker x2  
  49  4:46  Pylon  
  41  5:15  Probe (Chrono Boost)  
  41  5:17  Forge  
  41  5:18  Stalker  
  41  5:19  Stalker  
  46  5:26  Probe (Chrono Boost)  
  47  5:31  Twilight Council  
  47  5:35  Pylon  
  47  5:36  Probe (Chrono Boost)  
  47  5:37  Probe (Chrono Boost)  
  49  5:47  Stalker, Probe x2 (Chrono Boost)  
  53  5:56  Photon Cannon  
  53  5:57  Probe (Chrono Boost)  
  53  5:58  Probe (Chrono Boost)  
  55  6:08  Probe x2 (Chrono Boost)  
  57  6:17  Templar Archives  
  58  6:18  Probe (Chrono Boost)  
  58  6:19  Probe (Chrono Boost)  
  58  6:21  Stalker x3  
  65  6:54  Protoss Shields Level 1  
  65  6:55  Nexus  
  65  6:56  High Templar  
  67  7:02  High Templar  
  69  7:11  Archon  
  69  7:22  Dark Shrine  
  69  7:27  Probe (Chrono Boost)  
  69  7:28  Probe (Chrono Boost)  
  61  7:37  Probe (Chrono Boost)  
  61  7:39  Probe (Chrono Boost)  
  60  7:48  Probe (Chrono Boost)  
  60  7:49  Probe (Chrono Boost)  
  62  7:57  Photon Cannon  
  63  7:58  Probe (Chrono Boost)  
  63  8:01  Pylon  
  63  8:09  Probe (Chrono Boost)  
  64  8:19  Probe (Chrono Boost)  
  65  8:30  Probe (Chrono Boost)  
  65  8:31  High Templar  
  65  8:32  High Templar  
  70  8:44  Archon  
  70  8:47  Stalker  
  72  8:48  Stalker  
  72  8:55  Probe (Chrono Boost)  
  75  9:04  Probe (Chrono Boost)  
  75  9:06  Probe (Chrono Boost)  
  77  9:11  Probe (Chrono Boost)  
  77  9:15  Stalker x4, Probe (Chrono Boost)  
  77  9:16  Probe (Chrono Boost)  
  88  9:21  Probe (Chrono Boost)  
  88  9:24  Protoss Ground Weapons Level 1  
  89  9:25  Probe (Chrono Boost)  
  89  9:27  Probe (Chrono Boost)  
  90  9:32  Probe (Chrono Boost)  
  90  9:36  Probe (Chrono Boost)  
  89  9:40  Dark Templar x2  
  89  9:42  Probe (Chrono Boost)  
  89  9:45  Probe (Chrono Boost)  
  95  9:46  Probe (Chrono Boost)  
  95  9:50  Pylon  
  95  9:52  Pylon  
  96  9:55  Probe (Chrono Boost)  
  96  9:57  Probe (Chrono Boost)  
  98  10:06  Probe (Chrono Boost)  
  99  10:15  Photon Cannon  
  99  10:19  Photon Cannon, Probe (Chrono Boost)  
  100  10:21  Photon Cannon  
  100  10:26  Pylon  
  100  10:31  Photon Cannon  
  100  10:38  Photon Cannon  
  100  10:47  High Templar x2  
  100  10:48  High Templar x2  
  108  10:52  Archon  
  108  10:59  Archon  
  108  11:00  Protoss Shields Level 2  
  108  11:12  Probe (Chrono Boost)  
  108  11:13  Probe (Chrono Boost)  
  110  11:22  Assimilator, Probe (Chrono Boost)  
  110  11:24  Probe (Chrono Boost)  
  112  11:27  Assimilator  
  112  11:34  Probe (Chrono Boost)  
  113  11:42  Dark Templar  
  113  11:43  Dark Templar x3  
  113  11:45  Probe (Chrono Boost)  
  122  11:50  Archon  
  122  11:54  Archon  
  122  12:05  Forge  
  122  12:13  Probe (Chrono Boost)  
  123  12:23  Probe (Chrono Boost)  
  123  12:24  Dark Templar x3  
  123  12:25  Dark Templar  
  132  12:36  Archon x2  
  132  12:45  Pylon  
  132  12:47  Pylon  
  132  12:50  Pylon  
  132  12:51  Charge  
  132  12:53  Shadow Stride  
  132  12:56  Pylon  
  132  13:01  Protoss Ground Armor Level 1  
  132  13:03  Protoss Ground Weapons Level 2  
  132  13:14  Observer  
  132  13:17  Dark Templar x2  
  137  13:30  Archon  
  137  14:07  Zealot  
  137  14:08  Zealot x3  
  145  14:18  Pylon  
  145  14:20  Gateway  
  145  14:21  Gateway  
  145  14:23  Gateway  
  145  14:30  Pylon  
  143  14:34  Pylon  
  135  15:29  High Templar x4  
  143  15:41  Archon  
  143  15:42  Archon  
  83  16:49  Dark Templar  
  83  16:50  Dark Templar x2  
  83  16:51  Dark Templar x4  
  93  16:55  Archon x2  
  93  16:56  Archon  
Show
View Real Time Build Order
Export as new Build Order

dallaskuken Protoss - Winner!

Build Orders: Cannon Rush 

Get SALT Encoding   

  12  0:01  Probe (Chrono Boost)  
  13  0:13  Pylon  
  13  0:19  Probe (Chrono Boost)  
  14  0:29  Probe (Chrono Boost)  
  14  0:35  Forge  
  15  0:49  Probe (Chrono Boost)  
  16  1:07  Probe (Chrono Boost)  
  17  1:20  Pylon  
  17  1:23  Pylon  
  16  1:45  Photon Cannon  
  16  1:48  Photon Cannon  
  16  1:50  Photon Cannon  
  16  2:02  Probe (Chrono Boost)  
  17  2:24  Pylon  
  17  2:30  Pylon  
  17  2:35  Pylon  
  17  3:00  Photon Cannon  
  17  3:02  Photon Cannon  
  17  3:04  Photon Cannon  
  17  3:09  Pylon  
  17  3:27  Photon Cannon  
  17  3:29  Photon Cannon  
  17  3:36  Photon Cannon  
  17  3:38  Photon Cannon  
  17  3:41  Pylon  
  17  3:58  Photon Cannon  
  17  4:26  Pylon  
  17  4:30  Probe (Chrono Boost)  
  18  4:37  Gateway  
  18  4:41  Probe (Chrono Boost)  
  18  4:42  Assimilator  
  19  5:00  Nexus  
  19  5:15  Nexus  
  19  5:17  Pylon  
  19  5:19  Pylon  
  19  5:24  Probe (Chrono Boost)  
  20  5:30  Cybernetics Core  
  20  5:34  Probe (Chrono Boost)  
  21  5:38  Assimilator  
  21  5:44  Photon Cannon  
  21  5:45  Probe (Chrono Boost)  
  22  5:58  Probe (Chrono Boost)  
  22  6:01  Pylon  
  23  6:06  Warp Gate  
  23  6:08  Probe (Chrono Boost)  
  24  6:13  Probe (Chrono Boost)  
  25  6:19  Probe (Chrono Boost)  
  25  6:23  Probe (Chrono Boost)  
  27  6:28  Pylon  
  27  6:31  Pylon  
  27  6:34  Probe (Chrono Boost)  
  28  6:41  Stalker  
  30  6:56  Photon Cannon  
  30  7:01  Photon Cannon  
  30  7:06  Probe (Chrono Boost)  
  31  7:09  Probe (Chrono Boost)  
  32  7:16  Probe (Chrono Boost)  
  32  7:20  Probe (Chrono Boost)  
  34  7:27  Probe (Chrono Boost)  
  35  7:30  Probe (Chrono Boost)  
  35  7:34  Pylon  
  36  7:38  Probe (Chrono Boost)  
  36  7:41  Probe (Chrono Boost)  
  38  7:45  Pylon  
  38  7:46  Pylon  
  38  7:50  Pylon  
  39  7:51  Probe (Chrono Boost)  
  39  7:58  Photon Cannon  
  39  8:01  Photon Cannon  
  39  8:04  Photon Cannon  
  39  8:06  Photon Cannon  
  39  8:08  Probe (Chrono Boost)  
  39  8:09  Photon Cannon  
  40  8:13  Probe (Chrono Boost)  
  40  8:18  Probe (Chrono Boost)  
  42  8:22  Probe (Chrono Boost)  
  42  8:23  Probe (Chrono Boost)  
  44  8:29  Probe (Chrono Boost)  
  44  8:33  Probe (Chrono Boost)  
  47  8:34  Probe (Chrono Boost)  
  47  8:36  Gateway  
  47  8:38  Gateway  
  47  8:39  Probe (Chrono Boost)  
  48  8:46  Probe (Chrono Boost)  
  49  8:50  Probe (Chrono Boost)  
  50  8:57  Probe (Chrono Boost)  
  50  8:58  Pylon  
  50  9:02  Pylon  
  51  9:08  Probe (Chrono Boost)  
  52  9:10  Assimilator  
  52  9:14  Assimilator  
  52  9:18  Probe (Chrono Boost)  
  53  9:29  Photon Cannon, Probe (Chrono Boost)  
  53  9:31  Photon Cannon  
  54  9:33  Photon Cannon  
  54  9:34  Photon Cannon  
  54  9:39  Probe (Chrono Boost)  
  54  9:42  Pylon  
  54  9:45  Gateway  
  55  9:46  Gateway  
  55  9:48  Protoss Ground Weapons Level 1  
  55  9:49  Gateway  
  55  9:50  Probe (Chrono Boost)  
  56  10:00  Pylon  
  56  10:03  Pylon  
  56  10:09  Photon Cannon  
  56  10:11  Photon Cannon  
  56  10:15  Pylon  
  56  10:27  Photon Cannon  
  56  10:28  Photon Cannon  
  56  10:30  Photon Cannon  
  56  10:32  Photon Cannon  
  56  10:50  Stalker x4  
  56  10:51  Stalker x2  
  51  11:30  Stalker x3  
  51  11:31  Stalker x3  
  63  11:43  Protoss Shields Level 1  
  39  12:02  Stalker x2  
  43  12:31  Stalker x2  
  43  12:32  Stalker x2  
  51  12:40  Stalker x2  
  55  13:03  Stalker  
  55  13:04  Stalker x4  
  65  13:18  Stalker  
  59  14:01  Stalker  
  59  14:02  Stalker x4  
  69  14:03  Stalker  
  71  14:32  Robotics Facility  
  71  14:43  Stalker x5  
  71  14:44  Stalker  
  82  15:16  Stalker x5  
  82  15:17  Stalker  
  82  15:21  Observer  
  69  16:37  Stalker  
  69  16:38  Stalker x3  
  69  16:39  Stalker x2  
Show
View Real Time Build Order
Export as new Build Order

Loken Protoss - Winner!

Build Orders:  

Get SALT Encoding   

  12  0:02  Probe (Chrono Boost)  
  13  0:14  Pylon  
  13  0:40  Forge  
  13  0:41  Probe (Chrono Boost)  
  14  0:51  Probe (Chrono Boost)  
  15  1:02  Probe (Chrono Boost)  
  16  1:06  Pylon  
  16  1:12  Pylon  
  16  1:18  Probe (Chrono Boost)  
  17  1:27  Photon Cannon  
  16  1:56  Probe (Chrono Boost)  
  17  2:06  Probe (Chrono Boost)  
  18  2:15  Photon Cannon  
  18  2:17  Photon Cannon, Probe (Chrono Boost)  
  18  2:19  Photon Cannon  
  19  2:26  Pylon  
  19  2:45  Gateway  
  19  2:47  Assimilator  
  19  2:49  Assimilator  
  19  2:59  Photon Cannon  
  19  3:10  Photon Cannon  
  19  3:13  Pylon  
  19  3:16  Photon Cannon  
  19  3:31  Nexus  
  19  3:41  Probe (Chrono Boost)  
  20  3:51  Probe (Chrono Boost)  
  21  3:58  Photon Cannon  
  21  4:02  Probe (Chrono Boost)  
  22  4:10  Cybernetics Core  
  22  4:12  Probe (Chrono Boost)  
  23  4:23  Probe (Chrono Boost)  
  24  4:33  Probe (Chrono Boost)  
  25  4:39  Pylon  
  25  4:44  Probe (Chrono Boost)  
  25  4:45  Probe (Chrono Boost)  
  27  4:52  Warp Gate  
  27  4:55  Probe (Chrono Boost)  
  27  4:58  Stargate  
  28  5:06  Probe (Chrono Boost)  
  29  5:09  Photon Cannon  
  29  5:11  Photon Cannon  
  29  5:16  Probe (Chrono Boost)  
  30  5:24  Pylon  
  30  5:27  Stargate, Probe (Chrono Boost)  
  31  5:48  Probe (Chrono Boost)  
  32  5:53  Assimilator  
  32  5:58  Probe (Chrono Boost)  
  32  5:59  Probe (Chrono Boost)  
  32  6:02  Photon Cannon  
  32  6:03  Photon Cannon  
  26  6:09  Probe x2 (Chrono Boost)  
  18  6:19  Probe (Chrono Boost)  
  18  6:20  Probe (Chrono Boost)  
  17  6:30  Probe x2 (Chrono Boost)  
  18  6:40  Probe (Chrono Boost)  
  18  6:41  Probe (Chrono Boost)  
  20  6:51  Probe x2 (Chrono Boost)  
  22  7:01  Probe (Chrono Boost)  
  22  7:02  Pylon, Probe (Chrono Boost)  
  24  7:12  Probe (Chrono Boost)  
  24  7:13  Probe (Chrono Boost)  
  27  7:22  Probe (Chrono Boost)  
  27  7:23  Probe (Chrono Boost)  
  27  7:29  Nexus  
  28  7:33  Probe (Chrono Boost)  
  28  7:34  Probe (Chrono Boost)  
  30  7:43  Probe (Chrono Boost)  
  31  7:44  Probe (Chrono Boost)  
  32  7:54  Probe (Chrono Boost)  
  32  7:55  Probe (Chrono Boost)  
  34  8:04  Void Ray  
  34  8:05  Probe x2 (Chrono Boost)  
  40  8:14  Void Ray  
  40  8:16  Probe (Chrono Boost)  
  45  8:26  Probe (Chrono Boost)  
  46  8:37  Probe (Chrono Boost)  
  47  8:46  Void Ray  
  47  8:47  Probe x2 (Chrono Boost)  
  53  8:55  Void Ray  
  53  8:58  Probe x2 (Chrono Boost)  
  59  9:08  Probe x2 (Chrono Boost)  
  61  9:19  Probe (Chrono Boost)  
  61  9:20  Probe (Chrono Boost)  
  61  9:23  Void Ray  
  69  9:31  Probe (Chrono Boost)  
  69  9:33  Void Ray, Probe (Chrono Boost)  
  68  9:43  Probe (Chrono Boost)  
  68  9:44  Pylon x2  
  68  9:45  Pylon, Probe (Chrono Boost)  
  74  9:46  Pylon  
  74  9:52  Assimilator  
  74  9:55  Probe (Chrono Boost)  
  74  9:57  Assimilator  
  74  9:59  Pylon  
  75  10:01  Pylon  
  75  10:04  Pylon  
  76  10:07  Pylon  
  76  10:08  Probe (Chrono Boost)  
  76  10:11  Void Ray x2  
  64  10:20  Probe (Chrono Boost)  
  69  10:31  Probe (Chrono Boost)  
  69  10:32  Probe (Chrono Boost)  
  71  10:37  Photon Cannon  
  71  10:41  Photon Cannon  
  73  10:43  Probe (Chrono Boost)  
  73  10:44  Photon Cannon, Probe (Chrono Boost)  
  73  10:49  Void Ray  
  67  10:55  Probe (Chrono Boost)  
  67  10:56  Probe (Chrono Boost)  
  63  11:05  Void Ray  
  63  11:07  Probe (Chrono Boost)  
  63  11:08  Probe (Chrono Boost)  
  66  11:13  Protoss Air Weapons Level 1  
  67  11:18  Probe (Chrono Boost)  
  67  11:19  Probe (Chrono Boost)  
  68  11:29  Probe x2 (Chrono Boost)  
  70  11:39  Probe (Chrono Boost)  
  68  11:40  Probe (Chrono Boost)  
  69  11:51  Probe (Chrono Boost)  
  70  11:56  Probe (Chrono Boost)  
  72  12:01  Probe (Chrono Boost)  
  72  12:07  Probe (Chrono Boost)  
  73  12:12  Probe (Chrono Boost)  
  73  12:13  Void Ray  
  78  12:16  Void Ray  
  78  12:17  Probe (Chrono Boost)  
  78  12:22  Probe (Chrono Boost)  
  84  12:33  Probe (Chrono Boost)  
  85  12:56  Void Ray  
  89  12:59  Void Ray  
  93  13:06  Nexus  
  93  13:24  Photon Cannon  
  93  13:25  Photon Cannon  
  93  13:44  Nexus  
  93  14:00  Void Ray x2  
  102  14:25  Probe (Chrono Boost)  
  102  14:27  Probe (Chrono Boost)  
  104  14:31  Probe (Chrono Boost)  
  104  14:34  Protoss Air Armor Level 1  
  104  14:37  Assimilator, Probe (Chrono Boost)  
  104  14:38  Probe (Chrono Boost)  
  106  14:41  Assimilator  
  106  14:42  Probe (Chrono Boost)  
  107  14:48  Probe (Chrono Boost)  
  107  14:49  Probe (Chrono Boost)  
  107  14:52  Probe (Chrono Boost), Void Ray  
  114  14:55  Void Ray  
  114  14:59  Probe (Chrono Boost)  
  119  15:01  Probe (Chrono Boost)  
  119  15:03  Probe (Chrono Boost)  
  121  15:07  Probe (Chrono Boost)  
  121  15:09  Probe (Chrono Boost)  
  121  15:13  Probe x2 (Chrono Boost)  
  125  15:18  Probe (Chrono Boost)  
  125  15:20  Probe (Chrono Boost)  
  127  15:28  Probe (Chrono Boost)  
  127  15:30  Probe (Chrono Boost)  
  129  15:37  Stargate  
  129  15:38  Stargate  
  129  15:39  Probe (Chrono Boost)  
  129  15:41  Probe (Chrono Boost)  
  131  15:49  Probe (Chrono Boost)  
  132  15:52  Probe (Chrono Boost)  
  133  16:00  Probe (Chrono Boost)  
  133  16:02  Probe (Chrono Boost)  
  135  16:06  Assimilator  
  135  16:11  Assimilator, Probe (Chrono Boost)  
  136  16:13  Probe (Chrono Boost)  
  137  16:19  Fleet Beacon  
  137  16:21  Probe (Chrono Boost)  
  137  16:23  Probe (Chrono Boost)  
  137  16:24  Pylon  
  139  16:26  Pylon  
  139  16:27  Pylon  
  139  16:29  Pylon  
  139  16:32  Pylon  
  139  16:34  Pylon, Probe (Chrono Boost)  
  139  16:35  Pylon  
Show
View Real Time Build Order
Export as new Build Order

toha Protoss 

Build Orders: Oracle Opening 

Get SALT Encoding   

  12  0:01  Probe (Chrono Boost)  
  13  0:11  Probe (Chrono Boost)  
  14  0:22  Probe (Chrono Boost)  
  15  0:30  Pylon  
  15  0:48  Probe (Chrono Boost)  
  16  0:59  Gateway, Probe (Chrono Boost)  
  16  1:02  Assimilator  
  17  1:05  Assimilator  
  17  1:19  Probe (Chrono Boost)  
  18  1:29  Pylon  
  18  1:30  Probe (Chrono Boost)  
  19  1:41  Probe (Chrono Boost)  
  20  1:49  Cybernetics Core  
  20  1:52  Zealot  
  22  2:16  Probe (Chrono Boost)  
  22  2:19  Zealot  
  25  2:26  Probe (Chrono Boost)  
  25  2:27  Pylon  
  26  2:34  Warp Gate  
  26  2:36  Nexus  
  26  2:37  Probe (Chrono Boost)  
  26  2:40  Stargate  
  27  2:53  Mothership Core (Chrono Boost)  
  29  3:11  Pylon  
  29  3:12  Zealot, Probe (Chrono Boost)  
  32  3:26  Probe (Chrono Boost)  
  33  3:27  Pylon  
  33  3:37  Probe (Chrono Boost)  
  34  3:44  Oracle  
  34  3:47  Probe (Chrono Boost)  
  38  3:49  Probe (Chrono Boost)  
  38  3:53  Pylon  
  39  3:58  Probe (Chrono Boost)  
  39  3:59  Probe (Chrono Boost)  
  41  4:08  Gateway, Probe (Chrono Boost)  
  42  4:10  Probe (Chrono Boost)  
  43  4:21  Stargate  
  41  4:30  Oracle  
  44  4:32  Protoss Air Weapons Level 1  
  44  4:38  Probe x2 (Chrono Boost)  
  46  4:48  Probe (Chrono Boost)  
  46  4:49  Probe (Chrono Boost)  
  48  4:59  Probe x2 (Chrono Boost)  
  50  5:07  Assimilator  
  53  5:09  Probe (Chrono Boost)  
  53  5:10  Phoenix x2, Assimilator, Probe (Chrono Boost)  
  56  5:17  Stalker  
  56  5:20  Probe x2 (Chrono Boost)  
  60  5:30  Probe (Chrono Boost)  
  60  5:31  Probe (Chrono Boost)  
  60  5:35  Phoenix  
  64  5:41  Probe x2 (Chrono Boost)  
  66  5:43  Forge  
  66  5:51  Phoenix  
  66  5:52  Probe x2 (Chrono Boost)  
  70  6:00  Phoenix  
  70  6:02  Probe (Chrono Boost)  
  70  6:03  Probe (Chrono Boost)  
  74  6:09  Pylon  
  74  6:11  Pylon  
  74  6:13  Probe (Chrono Boost)  
  74  6:14  Probe (Chrono Boost)  
  74  6:16  Phoenix  
  78  6:27  Probe x2 (Chrono Boost)  
  78  6:29  Phoenix  
  82  6:38  Probe x2 (Chrono Boost)  
  84  6:41  Phoenix  
  86  6:47  Sentry  
  86  6:51  Phoenix  
  86  6:52  Probe (Chrono Boost)  
  90  6:54  Probe (Chrono Boost)  
  90  6:56  Photon Cannon  
  90  6:58  Photon Cannon  
  92  7:11  Phoenix, Assimilator  
  92  7:13  Nexus  
  94  7:16  Assimilator  
  94  7:19  Pylon  
  94  7:22  Pylon  
  94  7:26  Pylon  
  94  7:30  Pylon  
  94  7:34  Phoenix  
  94  7:41  Phoenix  
  96  7:55  Phoenix  
  98  8:06  Phoenix  
  100  8:17  Phoenix  
  100  8:25  Photon Cannon  
  100  8:26  Photon Cannon  
  99  8:27  Photon Cannon  
  99  8:29  Photon Cannon  
  99  8:31  Phoenix  
  100  8:39  Phoenix  
  102  8:53  Probe (Chrono Boost)  
  102  8:54  Stargate x2  
  102  8:55  Probe (Chrono Boost)  
  105  8:56  Phoenix, Probe (Chrono Boost)  
  105  9:00  Phoenix  
  107  9:04  Probe (Chrono Boost)  
  107  9:05  Probe (Chrono Boost)  
  107  9:06  Stargate  
  107  9:08  Probe (Chrono Boost)  
  110  9:21  Phoenix  
  110  9:22  Phoenix  
  112  9:35  Probe (Chrono Boost)  
  112  9:36  Probe (Chrono Boost)  
  112  9:37  Probe (Chrono Boost)  
  115  9:44  Phoenix, Photon Cannon  
  115  9:46  Phoenix, Photon Cannon, Probe x2 (Chrono Boost)  
  115  9:49  Probe (Chrono Boost)  
  122  9:58  Probe (Chrono Boost)  
  122  9:59  Probe (Chrono Boost)  
  124  10:04  Probe (Chrono Boost)  
  124  10:05  Phoenix  
  125  10:09  Probe (Chrono Boost)  
  125  10:11  Phoenix  
  130  10:27  Phoenix  
  132  10:36  Phoenix  
  134  10:43  Fleet Beacon  
  134  10:46  Cybernetics Core  
  134  10:49  Phoenix  
  136  12:04  Anion Pulse-Crystals  
  136  12:55  Pylon  
  136  12:57  Pylon x2  
  136  13:02  Pylon  
  136  13:08  Graviton Catapult  
  136  13:09  Tempest  
  136  13:12  Tempest x2  
  136  13:15  Tempest  
  136  13:19  Tempest  
  160  13:21  Probe (Chrono Boost)  
  160  13:22  Probe (Chrono Boost)  
  160  13:23  Probe (Chrono Boost)  
  169  13:32  Probe (Chrono Boost)  
  160  13:47  Tempest  
  150  13:55  Tempest x2  
  150  13:58  Tempest  
  150  14:02  Tempest  
  162  14:12  Protoss Air Armor Level 1  
  149  14:38  Tempest x2  
  147  14:41  Tempest  
  147  14:45  Tempest  
  155  14:46  Nexus  
  155  14:49  Pylon  
  155  14:52  Pylon  
  155  14:53  Pylon x2  
  155  14:56  Assimilator  
  155  14:58  Assimilator  
  106  15:18  Photon Cannon  
  106  15:19  Photon Cannon  
  106  15:20  Photon Cannon x2  
  106  15:21  Void Ray  
  89  15:23  Adept  
  89  15:24  Void Ray  
  105  15:30  Photon Cannon x2  
  101  15:36  Photon Cannon  
  85  16:04  Void Ray  
  85  16:06  Void Ray  
  85  16:10  Photon Cannon  
  88  16:13  Photon Cannon  
  88  16:14  Photon Cannon  
Show
View Real Time Build Order
Export as new Build Order

Vorobei Protoss 

Build Orders:  

Get SALT Encoding   

  12  0:01  Probe (Chrono Boost)  
  13  0:11  Probe (Chrono Boost)  
  14  0:20  Pylon  
  14  0:32  Probe (Chrono Boost)  
  15  0:39  Gateway  
  15  0:42  Probe (Chrono Boost)  
  16  1:00  Pylon  
  16  1:07  Probe (Chrono Boost)  
  17  1:17  Probe (Chrono Boost)  
  18  1:20  Gateway  
  18  1:25  Forge  
  18  1:31  Probe (Chrono Boost)  
  19  1:39  Assimilator  
  19  1:41  Probe (Chrono Boost)  
  20  1:52  Probe (Chrono Boost)  
  20  1:53  Gateway  
  21  2:00  Photon Cannon  
  20  2:02  Probe (Chrono Boost)  
  20  2:07  Photon Cannon  
  21  2:20  Cybernetics Core  
  21  2:40  Nexus  
  21  2:58  Probe (Chrono Boost)  
  22  3:02  Zealot  
  24  3:08  Probe (Chrono Boost)  
  25  3:16  Assimilator  
  25  3:19  Probe (Chrono Boost)  
  26  3:29  Probe (Chrono Boost)  
  27  3:34  Pylon  
  27  4:12  Mothership Core (Chrono Boost)  
  27  4:15  Probe (Chrono Boost)  
  30  4:20  Assimilator  
  30  4:24  Assimilator  
  30  4:25  Probe (Chrono Boost)  
  30  4:30  Probe (Chrono Boost)  
  30  4:34  Stargate, Twilight Council  
  30  4:35  Photon Cannon  
  30  4:36  Probe (Chrono Boost)  
  31  4:41  Probe (Chrono Boost)  
  32  4:47  Probe (Chrono Boost)  
  32  4:51  Probe (Chrono Boost)  
  34  4:54  Photon Cannon  
  34  4:57  Photon Cannon, Probe (Chrono Boost)  
  34  4:58  Pylon  
  35  5:02  Probe (Chrono Boost)  
  36  5:08  Probe (Chrono Boost)  
  36  5:12  Probe (Chrono Boost)  
  38  5:18  Probe (Chrono Boost)  
  39  5:23  Probe (Chrono Boost)  
  39  5:24  Fleet Beacon  
  40  5:29  Probe (Chrono Boost)  
  40  5:33  Probe (Chrono Boost)  
  42  5:40  Pylon  
  42  5:46  Stargate  
  42  5:50  Protoss Air Weapons Level 1  
  42  5:54  Probe x2 (Chrono Boost)  
  44  6:05  Probe x2 (Chrono Boost)  
  46  6:15  Probe x2 (Chrono Boost)  
  48  6:22  Carrier  
  48  6:24  Graviton Catapult  
  48  6:25  Protoss Shields Level 1  
  54  6:26  Probe (Chrono Boost)  
  55  7:04  Twilight Council  
  55  7:19  Carrier  
  61  7:50  Carrier  
  67  7:57  Pylon  
  67  7:59  Pylon  
  67  8:02  Pylon  
  67  8:08  Pylon  
  57  8:23  Pylon  
  47  8:45  Mothership Core (Chrono Boost)  
  47  8:48  Photon Cannon  
  49  8:49  Photon Cannon  
  49  8:52  Photon Cannon  
  49  8:59  Photon Cannon  
  49  9:00  Probe (Chrono Boost)  
  49  9:02  Photon Cannon  
  50  9:05  Probe (Chrono Boost)  
  50  9:06  Photon Cannon  
  51  9:11  Photon Cannon  
  51  9:12  Probe (Chrono Boost)  
  53  9:17  Probe (Chrono Boost)  
  60  9:24  Probe (Chrono Boost)  
  60  9:26  Photon Cannon  
  60  9:29  Photon Cannon, Probe (Chrono Boost)  
  61  9:36  Probe (Chrono Boost)  
  62  9:41  Probe (Chrono Boost)  
  63  9:48  Carrier  
  63  9:49  Probe (Chrono Boost)  
  70  10:17  Carrier  
  76  10:49  Nexus  
  76  10:56  Protoss Air Weapons Level 2  
  76  11:05  Assimilator  
  76  11:09  Assimilator  
  76  11:12  Pylon  
  76  11:14  Carrier  
  76  11:15  Pylon  
  82  11:22  Protoss Shields Level 2  
  76  11:58  Probe (Chrono Boost)  
  79  12:08  Probe (Chrono Boost)  
  79  12:10  Probe x2 (Chrono Boost)  
  80  12:19  Probe (Chrono Boost)  
  80  12:22  Probe x2 (Chrono Boost)  
  83  12:26  Carrier  
  90  12:30  Probe (Chrono Boost)  
  90  12:34  Probe x2 (Chrono Boost)  
  92  12:40  Probe (Chrono Boost)  
  93  12:46  Probe x2 (Chrono Boost)  
  95  12:55  Carrier  
  95  12:57  Protoss Air Armor Level 1  
  102  12:58  Probe (Chrono Boost)  
  102  13:03  Probe (Chrono Boost)  
  102  13:04  Probe (Chrono Boost)  
  104  13:10  Probe (Chrono Boost)  
  105  13:13  Probe (Chrono Boost)  
  105  13:16  Probe (Chrono Boost)  
  107  13:22  Probe (Chrono Boost)  
  107  13:24  Probe (Chrono Boost)  
  110  13:28  Probe (Chrono Boost)  
  110  13:51  Carrier  
  110  14:17  Photon Cannon  
  110  14:19  Photon Cannon  
  110  14:21  Photon Cannon  
  110  14:23  Photon Cannon  
  116  14:25  Photon Cannon  
  110  14:41  Nexus  
  88  16:08  Pylon  
Show
View Real Time Build Order
Export as new Build Order

BlackLady Zerg 

Build Orders: Pool First 

Get SALT Encoding   

  12  0:01  Drone  
  13  0:12  Overlord  
  13  0:17  Drone  
  14  0:31  Drone x2  
  16  0:37  Extractor  
  15  0:48  Spawning Pool, Drone  
  15  0:52  Drone  
  16  1:02  Drone  
  17  1:27  Drone x2  
  19  1:35  Zergling x2  
  20  1:40  Queen  
  22  1:48  Overlord  
  22  2:08  Zergling x4  
  23  2:20  Zergling x2  
  21  2:34  Zergling x4  
  21  2:37  Queen  
  22  2:52  Spine Crawler  
  22  2:57  Spine Crawler  
  18  3:12  Queen  
  18  3:15  Zergling x4  
  22  3:35  Spine Crawler  
  22  3:38  Spine Crawler  
  16  3:48  Queen  
  18  4:05  Zergling x2  
  18  4:06  Zergling x4  
  21  4:24  Queen  
  21  4:26  Baneling Nest  
  21  4:29  Zergling x10  
  27  4:40  Drone  
  28  4:56  Drone  
  28  4:57  Drone  
  28  4:59  Overlord  
  30  5:14  Overlord  
  30  6:01  Zergling x14  
  30  6:02  Zergling x2  
  38  6:24  Baneling  
  38  6:26  Baneling x5  
  38  6:27  Baneling x7  
  38  6:28  Baneling x6  
  38  6:29  Baneling  
  36  6:44  Lair  
  36  6:53  Zergling x2  
  37  6:54  Zergling x2  
  27  7:44  Zergling x12  
  27  7:45  Zergling x6  
  27  7:50  Baneling x3  
  35  7:51  Baneling  
  33  8:31  Baneling x3  
  33  8:32  Baneling x7  
  30  9:03  Queen  
  26  9:46  Baneling  
  26  9:47  Baneling x5  
  26  9:55  Drone x4  
  22  10:47  Zergling x10  
  22  10:48  Zergling x20  
  22  10:49  Zergling x2  
  38  11:15  Centrifical Hooks  
  38  11:21  Hatchery  
  37  11:33  Hatchery  
  36  11:54  Spore Crawler x2  
  34  11:55  Spore Crawler  
  34  11:57  Drone  
  34  12:31  Drone x4  
  34  12:36  Overlord  
  38  12:51  Drone  
  38  12:52  Drone x3  
  42  13:03  Zergling x4  
  44  13:44  Zergling x6  
  44  13:45  Zergling x14  
  44  13:46  Zergling x2  
  55  14:00  Spore Crawler  
  54  14:02  Spore Crawler  
  54  14:03  Drone x3  
  56  14:18  Extractor  
  56  14:20  Baneling  
  56  14:21  Baneling x9  
  55  14:28  Drone  
  56  15:17  Zergling x4  
  56  15:20  Overlord x5  
  29  16:11  Zergling x4  
  29  16:12  Zergling x10  
  29  16:13  Zergling x12  
  42  16:26  Drone  
  43  16:37  Zergling x16  
  43  16:38  Zergling x6  
  56  16:40  Zergling x2  
Show
View Real Time Build Order
Export as new Build Order

HuntersPray Zerg 

Build Orders: Pool First 

Get SALT Encoding   

  12  0:03  Drone  
  13  0:22  Drone  
  13  0:25  Overlord  
  14  0:47  Spawning Pool  
  13  0:54  Evolution Chamber  
  13  0:56  Drone x3  
  15  1:34  Drone x2  
  15  1:35  Drone  
  15  1:36  Queen  
  17  2:21  Zergling x6  
  19  2:26  Extractor  
  14  2:34  Extractor  
  10  3:06  Spine Crawler, Drone x3  
  12  3:13  Spine Crawler  
  12  3:15  Spine Crawler, Queen  
  12  3:22  Spine Crawler, Drone  
  12  3:28  Drone  
  13  3:47  Drone  
  14  3:59  Spine Crawler  
  13  4:27  Drone  
  13  4:29  Overlord x2  
  14  4:42  Overlord  
  14  4:49  Drone x2  
  14  4:50  Drone x2  
  18  5:15  Drone x3  
  21  5:26  Spore Crawler  
  20  5:50  Drone  
  20  5:51  Drone x4  
  25  6:00  Overlord  
  25  6:12  Spine Crawler  
  25  6:14  Drone  
  25  6:32  Spine Crawler  
  24  6:36  Spore Crawler  
  24  6:38  Drone x2  
  25  6:50  Lair  
  25  7:01  Zergling x6  
  27  7:06  Metabolic Boost  
  28  7:14  Baneling Nest  
  27  7:26  Spore Crawler  
  26  7:50  Queen  
  28  7:55  Zergling x6  
  31  7:58  Centrifical Hooks  
  31  8:33  Spore Crawler  
  30  8:44  Baneling x2  
  30  8:45  Baneling x4  
  30  8:46  Baneling  
  30  8:47  Baneling  
  30  8:56  Spire  
  30  8:59  Overlord x2  
  23  10:15  Zerg Flyer Weapons Level 1  
  23  10:19  Mutalisk x6  
  23  10:20  Mutalisk  
  37  11:26  Hatchery  
  28  11:55  Hydralisk Den  
  27  12:28  Spore Crawler  
  26  12:49  Hydralisk x6  
  26  12:50  Hydralisk x6  
  26  12:51  Hydralisk x3  
  56  13:25  Hatchery  
  55  13:36  Muscular Augments  
  55  13:56  Overlord  
  55  13:57  Overlord x3  
  55  14:09  Drone x2  
  43  15:22  Drone x7  
  43  15:23  Drone x3  
  53  15:30  Queen  
  54  16:11  Drone x4  
  54  16:12  Drone x3  
  54  16:15  Extractor  
  54  16:17  Extractor  
Tags
 
Add a new tag
Caveats
  • Supply blocks, unpowered buildings, or Contaminate may cause inaccurate times.
  • Supply counts are checked every 10 seconds.